 Dungeon Crawl Stone Soup version 0.20.1-1-g8b1a95d (webtiles) character file.

102 slep the Skirmisher (level 4, -4/37 HPs)
             Began as a Demonspawn Wanderer on Oct 22, 2017.
             Killed by divine providence
             ... invoked by an orc priest
              (13 damage)
             ... on level 3 of the Dungeon.
             The game lasted 00:12:36 (1672 turns).

slep the Skirmisher (Demonspawn Wanderer)           Turns: 1672, Time: 00:12:37

Health: -4/37      AC:  3    Str: 12    XL:     4   Next: 50%
Magic:  0/4        EV: 11    Int: 20    God:
Gold:   81         SH:  4    Dex: 12    Spells: 3/3 levels left

rFire    . . .     SeeInvis .   a - +2 short sword
rCold    . . .     Gourm    .   g - +0 buckler
rNeg     + . .     Faith    .   i - +0 leather armour
rPois    .         Spirit   +   (no helmet)
rElec    .         Reflect  .   (no cloak)
rCorr    .         Harm     .   (no gloves)
MR       .....                  (no boots)
Stlth    +.........             (no amulet)
Regen    0.2/turn               h - ring of positive energy
MPRegen  0.1/turn               s - +5 ring of intelligence

@: no status effects
A: magic shield, sturdy frame 1
a: no special abilities


You were on level 3 of the Dungeon.
You were not hungry.

You visited 1 branch of the dungeon, and saw 3 of its levels.

You collected 81 gold pieces.

Inventory:

Hand Weapons
 a - a +2 short sword (weapon)
 b - a +0 mace
 o - a +0 short sword of draining
Armour
 d - a +0 robe
 g - a +0 buckler (worn)
 i - a +0 leather armour (worn)
Jewellery
 h - a ring of positive energy (left hand)
 m - an uncursed ring of magical power
 s - a +5 ring of intelligence (right hand)
Scrolls
 e - a scroll of identify {unknown}
 k - 2 scrolls of amnesia {unknown}
 q - a scroll of immolation {unknown}
Potions
 c - a potion of lignification
 p - a potion of might
 r - a potion of curing
 t - a potion of degeneration {unknown}
Comestibles
 f - 3 bread rations
 j - a royal jelly
 l - 5 fruits


   Skills:
 + Level 3.8 Fighting
 + Level 3.6 Short Blades
 + Level 1.0 Maces & Flails
 + Level 1.3 Armour
 + Level 1.3 Dodging
 + Level 0.2 Stealth
 + Level 1.8 Shields


You had 3 spell levels left.
You didn't know any spells.

Dungeon Overview and Level Annotations

Branches:
Dungeon (3/15)

Altars:
Cheibriados
Uskayaw
The Shining One


Innate Abilities, Weirdness & Mutations

When hurt, damage is shared between your health and your magic reserves.
Your movements are slightly less encumbered by armour. (ER -2)


Message History

You barely miss the orc wizard. The orc wizard hits you with a dagger.
You hit the orc wizard but do no damage.
You hit the orc.
The orc is lightly wounded.
You hit the orc but do no damage.
The orc is lightly wounded.
The orc wizard gestures wildly while chanting.
The orc wizard blinks!
You hit the orc but do no damage.
The orc is lightly wounded.
You barely miss the orc.
The orc is lightly wounded.
The orc wizard gestures wildly while chanting.
The orc wizard blinks!
The orc hits you but does no damage.
The orc priest mumbles some strange prayers to Beogh against you.
Beogh smites you!
* * * LOW HITPOINT WARNING * * *
The orc priest mumbles some strange prayers to Beogh against you.
Beogh smites you!
You die...

# ### #...# #.#.#####++
#.."o.oo.o. #.#o# #.#.#
#.#o# ##########.#@#
#............#
#.########.##########.#
#.#######..#..........
#>........#####...##
#..######..........# ###..#
##########.# #....##
#........#.######
#.#...###...#####...........


You could see an orc priest and 2 orcs.

Vanquished Creatures
  4 adders
  2 worms (D:2)
  4 dart slugs
  2 leopard geckos (D:2)
  10 bats
  3 giant cockroaches
  6 goblins
  6 hobgoblins
  3 jackals (D:1)
  3 kobolds
  3 frilled lizards
  7 rats
53 creatures vanquished.

Notes
Turn   | Place    | Note
-------+----------+-------------------------------------------
     0 | D:1      | slep the Demonspawn Wanderer began the quest for the Orb.
     0 | D:1      | slep set off with: a +2 short sword, a +0 mace, a potion of lignification, a +0 robe, a bread ration
     0 | D:1      | Reached XP level 1. HP: 18/18 MP: 1/1
   153 | D:1      | Gained mutation: When hurt, damage is shared between your health and your magic reserves. [demonic ancestry]
   153 | D:1      | Reached XP level 2. HP: 24/24 MP: 2/2
   626 | D:2      | Reached XP level 3. HP: 26/29 MP: 3/3
   765 | D:2      | Reached skill level 1 in Armour
   859 | D:2      | Found a snail-covered altar of Cheibriados.
   978 | D:2      | Gained mutation: Your movements are slightly less encumbered by armour. (ER -2) [demonic ancestry]
   978 | D:2      | Reached XP level 4. HP: 27/36 MP: 4/4
  1381 | D:2      | Found a hide-covered altar of Uskayaw.
  1383 | D:2      | Found a glowing golden altar of the Shining One.
  1672 | D:3      | Killed from afar by an orc priest

Skill      XL: |  1  2  3 |
---------------+----------+-----
Short Blades   | 3 |  3.6
Armour         | 1 |  1.3
Fighting       | |  3.8
Maces & Flails | |  1.0
Dodging        | |  1.3
Stealth        | |  0.2
Shields        | |  1.8

Action                   |  1- 3 |  4- 6 || total
-------------------------+-------+-------++-------
Melee: Short sword       |   121 |    72 ||   193
  Use: Potion            |     3 |     1 ||     4
 Stab: Sleeping          |     1 |       ||     1
  Eat: Chunk             |       |     3 ||     3
Armor: Leather armour    |    28 |    12 ||    40
       Robe              |     1 |       ||     1
Dodge: Dodged            |    69 |    31 ||   100
Block: Buckler           |     3 |    10 ||    13
